Map: Year Zero LE

Players

Inno - Winner!

  • Race: Protoss Protoss
  • League: Diamond
  • Spawn Location: 11:00

Skunk

  • Race: Protoss Protoss
  • League: Diamond
  • Spawn Location: 1:00

VOD

Have the link to the VOD?

Description

Time

  • Played on: Feb. 11, 2019, 1:10 a.m.
  • Length: 9:58
Show
View Real Time Build Order
Export as new Build Order

Inno Protoss - Winner!

Build Orders: Zealot Archon 

Get SALT Encoding   

  12  0:00  Probe  
  13  0:13  Probe  
  14  0:18  Pylon  
  14  0:24  Probe  
  15  0:32  Probe  
  15  0:38  Gateway  
  15  0:40  Probe  
  17  0:53  Assimilator  
  17  0:55  Probe  
  18  0:59  Assimilator  
  18  1:08  Gateway  
  18  1:11  Probe  
  19  1:25  Cybernetics Core  
  19  1:27  Probe  
  20  1:39  Probe  
  21  1:42  Pylon  
  21  1:51  Probe  
  22  2:03  Probe, Stalker x2  
  22  2:06  Warp Gate  
  27  2:15  Pylon  
  27  2:18  Probe  
  28  2:30  Probe  
  28  2:33  Stalker  
  28  2:35  Stalker  
  33  2:48  Probe  
  33  3:27  Probe  
  34  3:36  Nexus  
  34  3:38  Pylon  
  34  4:00  Probe  
  35  4:05  Pylon  
  35  4:09  Probe  
  35  4:11  Robotics Facility  
  35  4:14  Twilight Council  
  36  4:17  Probe  
  36  4:28  Probe  
  37  4:32  Shield Battery  
  37  4:40  Probe  
  38  4:50  Pylon, Charge  
  38  4:52  Probe x2  
  40  5:00  Assimilator  
  40  5:03  Assimilator, Immortal  
  40  5:04  Probe x2  
  46  5:12  Probe x2  
  46  5:13  Pylon  
  46  5:20  Probe x2  
  50  5:30  Templar Archives, Probe  
  50  5:31  Probe  
  52  5:37  Gateway  
  52  5:41  Gateway  
  52  5:43  Probe  
  52  5:46  Observer  
  54  5:50  Probe  
  54  5:55  Probe  
  54  5:57  Pylon  
  56  6:02  Probe  
  57  6:07  Probe, Observer  
  57  6:09  High Templar x2  
  63  6:14  Probe  
  63  6:16  Archon  
  50  6:38  High Templar x2  
  54  6:43  Archon  
  54  6:45  Stalker x2  
  58  7:00  Immortal  
  54  7:10  Stalker x3  
  54  7:11  Stalker  
  54  7:15  Probe x2  
  68  7:27  Probe x2  
  70  7:31  Warp Prism  
  70  7:34  Gateway  
  70  7:35  Gateway  
  70  7:36  Gateway  
  70  7:39  Probe  
  70  7:40  Probe  
  71  7:55  High Templar  
  71  7:56  High Templar x3  
  79  8:00  Archon x2  
  78  8:16  Immortal  
  82  8:30  Zealot x3  
  82  8:31  Zealot x2  
  92  8:39  Zealot  
  94  8:43  Pylon  
  94  8:44  Pylon  
  94  8:46  Pylon  
  90  8:57  Zealot x3  
  92  9:06  Zealot  
  92  9:08  High Templar x2  
  96  9:12  Archon  
  96  9:15  Zealot  
  94  9:20  Zealot  
  94  9:21  High Templar  
  96  9:31  Zealot x2  
  100  9:47  High Templar x3  
Show
View Real Time Build Order
Export as new Build Order

Skunk Protoss 

Build Orders: Blink Stalkers 

Get SALT Encoding   

  12  0:00  Probe  
  13  0:13  Probe  
  14  0:19  Pylon  
  14  0:25  Probe  
  15  0:36  Probe  
  15  0:37  Gateway  
  16  0:44  Probe  
  16  0:49  Assimilator  
  17  0:53  Probe  
  18  0:59  Assimilator  
  18  1:01  Probe  
  18  1:11  Probe, Gateway  
  20  1:23  Probe  
  21  1:27  Cybernetics Core  
  21  1:36  Probe  
  22  1:47  Pylon  
  22  1:48  Probe  
  23  1:56  Adept  
  23  2:05  Warp Gate, Adept, Probe  
  28  2:17  Probe  
  29  2:23  Twilight Council  
  29  2:31  Probe, Pylon  
  30  2:45  Probe  
  30  2:49  Sentry, Stalker  
  35  2:57  Probe  
  34  3:14  Probe  
  34  3:18  Robotics Facility  
  35  3:22  Blink  
  33  3:27  Nexus  
  33  3:35  Shield Battery  
  32  3:53  Stalker x2  
  36  4:04  Probe  
  36  4:09  Pylon  
  37  4:18  Immortal  
  37  4:27  Probe  
  41  4:33  Stalker x2  
  41  4:35  Shield Battery  
  41  4:37  Pylon  
  45  4:41  Probe  
  45  4:42  Probe  
  47  4:49  Probe  
  47  4:54  Probe  
  47  4:57  Probe  
  47  4:58  Observer  
  50  5:06  Probe  
  52  5:09  Probe  
  52  5:14  Warp Prism  
  53  5:17  Probe  
  53  5:18  Probe  
  57  5:28  Stalker x2  
  58  5:30  Probe  
  58  5:32  Probe  
  62  5:38  Assimilator  
  62  5:41  Assimilator  
  63  5:42  Probe  
  63  5:51  Forge  
  63  5:54  Stalker  
  63  5:55  Stalker  
  67  5:58  Pylon  
  67  6:02  Probe x2  
  69  6:14  Probe  
  69  6:15  Probe  
  67  6:22  Stalker x2  
  65  6:25  Protoss Ground Weapons Level 1  
  57  6:43  Probe x2  
  57  6:45  Immortal  
  61  6:48  Charge  
  61  6:51  Templar Archives  
  61  6:53  Gateway  
  61  6:55  Probe  
  61  7:00  Probe  
  63  7:07  Probe  
  64  7:10  Nexus  
  64  7:12  Probe  
  65  7:16  Pylon  
  65  7:27  Probe x2  
  65  7:28  Shield Battery  
  67  7:30  Shield Battery  
  67  7:31  High Templar x2  
  67  7:37  Immortal  
  75  7:50  Probe x2  
  77  8:02  Probe x2  
  77  8:03  High Templar  
  77  8:04  High Templar x2  
  85  8:10  Gateway x2  
  85  8:12  Gateway  
  85  8:13  Gateway  
  85  8:15  Gateway, Archon  
  85  8:17  Archon  
  85  8:22  Probe x3  
  85  8:25  Pylon  
  85  8:26  Pylon x2  
  88  8:29  Pylon  
  88  8:40  High Templar  
  90  8:43  Probe x3  
  90  8:44  Assimilator  
  90  8:46  High Templar  
  95  8:48  Zealot  
  95  8:49  Assimilator  
  95  8:51  Archon  
  95  8:52  Pylon  
  95  8:55  Probe  
  84  9:07  Zealot  
  84  9:08  Zealot x4  
  76  9:17  Zealot  
  76  9:18  Zealot  
  66  9:32  Zealot x3  
  66  9:33  High Templar x3  
  68  9:45  Archon  
  68  9:46  Zealot  
  68  9:47  Zealot  
Tags
 
Add a new tag
Caveats
  • Supply blocks, unpowered buildings, or Contaminate may cause inaccurate times.
  • Supply counts are checked every 10 seconds.